APL (24 & UNDER)
NANTUCKET ORCAS @ PENSACOLA PILOTS
06/29/2027
 
TOP OF THE 1ST
Nantucket Orcas batting - Pitching for Pensacola Pilots : LHP Ramón Vázquez
Pitching: LHP Ramón Vázquez
Batting: RHB Jorge Hernández 0-0: Ball
1-0: Fly out, F8 (Line Drive, 89M)
Batting: SHB Cory Campbell 0-0: Swinging Strike
0-1: Swinging Strike
0-2: Ball
1-2: Ball
2-2: Ball
3-2: Strikes out swinging
Batting: RHB Ramón Díaz 0-0: Foul Ball, location: 2F
0-1: Ball
1-1: Called Strike
1-2: Ball
2-2: Foul Ball, location: 2F
2-2: Foul Ball, location: 2F
2-2: Fly out, F6 (Popup, 4MD)
Top of the 1st over - 0 run(s), 0 hit(s), 0 error(s), 0 left on base; Nantucket 0 - Pensacola 0
BOTTOM OF THE 1ST
Pensacola Pilots batting - Pitching for Nantucket Orcas : RHP Pedro Santiago
Pitching: RHP Pedro Santiago
Batting: RHB Leopoldo Horgan 0-0: Ball
1-0: Called Strike
1-1: Called Strike
1-2: Foul Ball, location: 2F
1-2: Foul Ball, location: 2F
1-2: Ball
2-2: Foul Ball, location: 2F
2-2: Foul Ball, location: 2F
2-2: Ground out 6-3 (Groundball, 6)
Batting: LHB Ricardo García 0-0: Ball
1-0: Called Strike
1-1: Ball
2-1: Swinging Strike
2-2: Ball
3-2: Strikes out swinging
Batting: LHB Weston Chaney 0-0: Called Strike
0-1: Swinging Strike
0-2: Ball
1-2: Strikes out looking
Bottom of the 1st over - 0 run(s), 0 hit(s), 0 error(s), 0 left on base; Nantucket 0 - Pensacola 0
TOP OF THE 2ND
Nantucket Orcas batting - Pitching for Pensacola Pilots : LHP Ramón Vázquez
Batting: LHB Noah Gillespie 0-0: Ball
1-0: Called Strike
1-1: Ball
2-1: Ball
3-1: Called Strike
3-2: Foul Ball, location: 2F
3-2: Foul Ball, location: 2F
3-2: Base on Balls
Batting: RHB Pepe Franco 0-0: Called Strike
0-1: Foul Ball, location: 2F
0-2: Hit by Pitch
Noah Gillespie to second
Batting: RHB César Osequedo 0-0: Ball
1-0: SINGLE (Line Drive, 6MD)
Noah Gillespie to third
Pepe Franco to second
Batting: RHB Roberto Canó 0-0: Ball
1-0: Called Strike
1-1: Grounds into fielders choice 1-2 (Groundball, P)
Pepe Franco to third
César Osequedo to second
Batting: SHB Dan Dunn 0-0: Ball
1-0: Foul Ball, location: 2F
1-1: Ball
2-1: Foul Ball, location: 2F
2-2: Ball
3-2: Strikes out swinging
Batting: RHB Domingo Hernández 0-0: Called Strike
0-1: Ball
1-1: Foul Ball, location: 2F
1-2: Ball
2-2: Strikes out looking
Top of the 2nd over - 0 run(s), 1 hit(s), 0 error(s), 3 left on base; Nantucket 0 - Pensacola 0
BOTTOM OF THE 2ND
Pensacola Pilots batting - Pitching for Nantucket Orcas : RHP Pedro Santiago
Batting: RHB Julian Lee 0-0: Ball
1-0: Swinging Strike
1-1: Called Strike
1-2: Strikes out swinging
Batting: LHB Armando Domínguez 0-0: Called Strike
0-1: Swinging Strike
0-2: Ball
1-2: Foul Ball, location: 2F
1-2: Foul Ball, location: 2F
1-2: Ground out 4-3 (Groundball, 34)
Batting: RHB Roberto Gómez 0-0: Ball
1-0: Ball
2-0: Called Strike
2-1: Swinging Strike
2-2: SINGLE (Groundball, 6MD)
Batting: LHB Nick Gamble 0-0: Called Strike
0-1: Swinging Strike
0-2: Ball
1-2: Foul Ball, location: 2F
1-2: Ground out 6-3 (Groundball, 6M)
Bottom of the 2nd over - 0 run(s), 1 hit(s), 0 error(s), 1 left on base; Nantucket 0 - Pensacola 0
TOP OF THE 3RD
Nantucket Orcas batting - Pitching for Pensacola Pilots : LHP Ramón Vázquez
Batting: RHB Jorge Hernández 0-0: Called Strike
0-1: Ground out 4-3 (Groundball, 4S)
Batting: SHB Cory Campbell 0-0: Called Strike
0-1: Swinging Strike
0-2: Ball
1-2: Ball
2-2: Foul Ball, location: 2F
2-2: Ground out 6-3 (Groundball, 56)
Batting: RHB Ramón Díaz 0-0: Ball
1-0: Called Strike
1-1: Ball
2-1: Swinging Strike
2-2: Ball
3-2: Strikes out swinging
Top of the 3rd over - 0 run(s), 0 hit(s), 0 error(s), 0 left on base; Nantucket 0 - Pensacola 0
BOTTOM OF THE 3RD
Pensacola Pilots batting - Pitching for Nantucket Orcas : RHP Pedro Santiago
Batting: RHB Markus Cummins 0-0: Ball
1-0: Ground out 5-3 (Groundball, 56)
Batting: RHB Jesús García 0-0: Foul Ball, location: 2F
0-1: Called Strike
0-2: Ball
1-2: Hit by Pitch
Batting: RHB Leopoldo Horgan 0-0: Foul Ball, location: 2F
0-1: Hit by Pitch
Jesús García to second
Batting: LHB Ricardo García 0-0: Called Strike
0-1: Grounds into double play, 3-6-1 (Groundball, 3)
Bottom of the 3rd over - 0 run(s), 0 hit(s), 0 error(s), 1 left on base; Nantucket 0 - Pensacola 0
TOP OF THE 4TH
Nantucket Orcas batting - Pitching for Pensacola Pilots : LHP Ramón Vázquez
Batting: LHB Noah Gillespie 0-0: Foul Ball, location: 2F
0-1: Called Strike
0-2: Foul Ball, location: 2F
0-2: Ball
1-2: Strikes out swinging
Batting: RHB Pepe Franco 0-0: Called Strike
0-1: Swinging Strike
0-2: Strikes out looking
Batting: RHB César Osequedo 0-0: Ball
1-0: DOUBLE (Flyball, 78XD)
Batting: RHB Roberto Canó 0-0: Ball
1-0: Called Strike
1-1: Ground out 6-3 (Groundball, 6)
Top of the 4th over - 0 run(s), 1 hit(s), 0 error(s), 1 left on base; Nantucket 0 - Pensacola 0
BOTTOM OF THE 4TH
Pensacola Pilots batting - Pitching for Nantucket Orcas : RHP Pedro Santiago
Batting: LHB Weston Chaney 0-0: SINGLE (Groundball, 34D)
Batting: RHB Julian Lee 0-0: Ball
1-0: Called Strike
1-1: Ball
2-1: Grounds into double play, 4-6-3 (Groundball, 4)
Batting: LHB Armando Domínguez 0-0: Ball
1-0: Called Strike
1-1: Ball
2-1: Foul Ball, location: 2F
2-2: Foul Ball, location: 2F
2-2: SINGLE (Line Drive, 9S)
Batting: RHB Roberto Gómez 0-0: Foul Ball, location: 2F
0-1: Called Strike
0-2: Ball
Armando Domínguez is caught stealing 2nd base
Bottom of the 4th over - 0 run(s), 2 hit(s), 0 error(s), 0 left on base; Nantucket 0 - Pensacola 0
TOP OF THE 5TH
Nantucket Orcas batting - Pitching for Pensacola Pilots : LHP Ramón Vázquez
Batting: SHB Dan Dunn 0-0: Foul Ball, location: 2F
0-1: Called Strike
0-2: Foul Ball, location: 2F
0-2: Foul Ball, location: 2F
0-2: Strikes out looking
Batting: RHB Domingo Hernández 0-0: Ball
1-0: Called Strike
1-1: Ball
2-1: Foul Ball, location: 2F
2-2: Strikes out swinging
Batting: RHB Jorge Hernández 0-0: Ball
1-0: Ball
2-0: Ball
3-0: Foul Ball, location: 2F
3-1: Called Strike
3-2: Foul Ball, location: 2F
3-2: Foul Ball, location: 2F
3-2: Foul Ball, location: 2F
3-2: Base on Balls
Batting: SHB Cory Campbell 0-0: Ball
1-0: TRIPLE (Flyball, 89XD)
Jorge Hernández scores
Batting: RHB Ramón Díaz 0-0: Swinging Strike
0-1: Ball
1-1: Ball
2-1: Ball
3-1: Base on Balls
Batting: LHB Noah Gillespie 0-0: Called Strike
0-1: Ball
1-1: Ball
2-1: Fly out, F6 (Line Drive, 6M)
Top of the 5th over - 1 run(s), 1 hit(s), 0 error(s), 2 left on base; Nantucket 1 - Pensacola 0
BOTTOM OF THE 5TH
Pensacola Pilots batting - Pitching for Nantucket Orcas : RHP Pedro Santiago
Batting: RHB Roberto Gómez 0-0: Ball
1-0: Swinging Strike
1-1: Called Strike
1-2: Ground out 6-3 (Groundball, 6)
Batting: LHB Nick Gamble 0-0: Ball
1-0: Foul Ball, location: 2F
1-1: Ground out U3 (Groundball, 34)
Batting: RHB Markus Cummins 0-0: Foul Ball, location: 2F
0-1: Swinging Strike
0-2: Ground out 1-3 (Groundball, P)
Bottom of the 5th over - 0 run(s), 0 hit(s), 0 error(s), 0 left on base; Nantucket 1 - Pensacola 0
TOP OF THE 6TH
Nantucket Orcas batting - Pitching for Pensacola Pilots : LHP Ramón Vázquez
Batting: RHB Pepe Franco 0-0: Ball
1-0: Called Strike
1-1: Ball
2-1: Swinging Strike
2-2: Strikes out swinging
Batting: RHB César Osequedo 0-0: Swinging Strike
0-1: Ball
1-1: Ball
2-1: Bunted foul
2-2: Foul Ball, location: 2F
2-2: Foul Ball, location: 2F
2-2: Foul Ball, location: 2F
2-2: Reached on error, E1 (Groundball, 13S)
Batting: RHB Roberto Canó 0-0: Ball
1-0: SINGLE (Groundball, 56) (infield hit)
César Osequedo to second
Batting: SHB Dan Dunn 0-0: Fly out, F6 (Popup, 6D)
Batting: RHB Domingo Hernández 0-0: Ball
Passed Ball!
César Osequedo to third
Roberto Canó to second
1-0: Called Strike
1-1: Foul Ball, location: 2F
1-2: Fly out, F8 (Flyball, 8LM)
Top of the 6th over - 0 run(s), 1 hit(s), 1 error(s), 2 left on base; Nantucket 1 - Pensacola 0
BOTTOM OF THE 6TH
Pensacola Pilots batting - Pitching for Nantucket Orcas : RHP Pedro Santiago
Batting: RHB Jesús García 0-0: Called Strike
0-1: Foul Ball, location: 2F
0-2: Ball
1-2: Strikes out swinging
Batting: RHB Leopoldo Horgan 0-0: Ball
1-0: Ball
2-0: Ground out 1-3 (Groundball, 15S)
Batting: LHB Ricardo García 0-0: Called Strike
0-1: Foul Ball, location: 2F
0-2: Foul Ball, location: 2F
0-2: Strikes out swinging
Bottom of the 6th over - 0 run(s), 0 hit(s), 0 error(s), 0 left on base; Nantucket 1 - Pensacola 0
TOP OF THE 7TH
Nantucket Orcas batting - Pitching for Pensacola Pilots : LHP Ramón Vázquez
Batting: RHB Jorge Hernández 0-0: Swinging Strike
0-1: Called Strike
0-2: Ball
1-2: Strikes out swinging
Batting: SHB Cory Campbell 0-0: Ground out 4-3 (Groundball, 4)
Batting: RHB Ramón Díaz 0-0: Foul Ball, location: 2F
0-1: Ball
1-1: Fly out, F8 (Flyball, 78D)
Top of the 7th over - 0 run(s), 0 hit(s), 0 error(s), 0 left on base; Nantucket 1 - Pensacola 0
BOTTOM OF THE 7TH
Pensacola Pilots batting - Pitching for Nantucket Orcas : RHP Pedro Santiago
Pitching: RHP Sean Flynn
Batting: LHB Weston Chaney 0-0: Swinging Strike
0-1: Ball
1-1: Called Strike
1-2: Fly out, F7 (Flyball, 7LM)
Batting: RHB Julian Lee 0-0: Called Strike
0-1: Called Strike
0-2: Strikes out swinging
Batting: LHB Armando Domínguez 0-0: Ball
1-0: Ball
2-0: SINGLE (Line Drive, 56)
Pinch Hitting: RHB Jesús Sánchez 0-0: Called Strike
0-1: Swinging Strike
0-2: Foul Ball, location: 2F
0-2: Ball
Armando Domínguez is caught stealing 2nd base
Bottom of the 7th over - 0 run(s), 1 hit(s), 0 error(s), 0 left on base; Nantucket 1 - Pensacola 0
TOP OF THE 8TH
Nantucket Orcas batting - Pitching for Pensacola Pilots : LHP Ramón Vázquez
Now in RF: Pedro Ramos
Batting: LHB Noah Gillespie 0-0: Foul Ball, location: 2F
0-1: Called Strike
0-2: Ball
1-2: Foul Ball, location: 2F
1-2: Ball
2-2: Fly out, F9 (Flyball, 9LM)
Batting: RHB Pepe Franco 0-0: Ball
1-0: Foul Ball, location: 2F
1-1: SINGLE (Flyball, 89S)
Pitching: RHP Jesús Núñez
Pinch Hitting: RHB Anastasio Zartuche 0-0: Ball
1-0: Called Strike
1-1: SINGLE (Line Drive, 8LS)
Pepe Franco to second
Pinch Hitting: LHB Carter Sweet 0-0: Swinging Strike
0-1: Called Strike
Pepe Franco is caught stealing 3rd base
Anastasio Zartuche to second
0-2: Ball
1-2: Ball
2-2: Foul Ball, location: 2F
2-2: Foul Ball, location: 2F
2-2: Ball
3-2: Foul Ball, location: 2F
3-2: Base on Balls
Pitching: RHP Manuel Valdés
Pinch Hitting: LHB Juan Lima 0-0: Ball
1-0: Swinging Strike
1-1: Swinging Strike
1-2: Strikes out swinging
Top of the 8th over - 0 run(s), 2 hit(s), 0 error(s), 2 left on base; Nantucket 1 - Pensacola 0
BOTTOM OF THE 8TH
Pensacola Pilots batting - Pitching for Nantucket Orcas : RHP Sean Flynn
Pitching: RHP Armando Chávez
Now at 2B: Juan Lima
Now at SS: Ramiro Javier
Now in RF: José Castillo
Batting: LHB Pedro Ramos 0-0: TRIPLE (Flyball, 89XD)
Batting: LHB Nick Gamble 0-0: Ball
1-0: Ball
2-0: Foul Ball, location: 2F
2-1: Ball
3-1: Base on Balls
Pinch Hitting: LHB Brenton Carter 0-0: Ball
1-0: Ball
2-0: Ball
3-0: Base on Balls
Nick Gamble to second
Batting: RHB Jesús García 0-0: Foul Ball, location: 2F
0-1: Ball
1-1: Foul Ball, location: 2F
1-2: Ball
2-2: Strikes out swinging
Pinch Hitting: LHB Jorge Silva 0-0: Ball
1-0: Foul Ball, location: 2F
1-1: Foul Ball, location: 2F
1-2: Ball
2-2: Strikes out looking
Batting: LHB Ricardo García 0-0: Ball
1-0: Ball
2-0: Called Strike
2-1: Foul Ball, location: 2F
2-2: Fly out, F7 (Flyball, 7LSF)
Bottom of the 8th over - 0 run(s), 1 hit(s), 0 error(s), 3 left on base; Nantucket 1 - Pensacola 0
TOP OF THE 9TH
Nantucket Orcas batting - Pitching for Pensacola Pilots : RHP Manuel Valdés
Now at 3B: Aaron Grizzle
Now at SS: José Cordero
Batting: RHB Domingo Hernández 0-0: Fly out, F8 (Line Drive, 8LM)
Batting: RHB Jorge Hernández 0-0: Foul Ball, location: 2F
0-1: Swinging Strike
0-2: Strikes out swinging
Batting: SHB Cory Campbell 0-0: Called Strike
0-1: Foul Ball, location: 2F
0-2: Foul Ball, location: 2F
0-2: Strikes out swinging, 2-3 out at first.
Top of the 9th over - 0 run(s), 0 hit(s), 0 error(s), 0 left on base; Nantucket 1 - Pensacola 0
BOTTOM OF THE 9TH
Pensacola Pilots batting - Pitching for Nantucket Orcas : RHP Armando Chávez
Pitching: LHP Esteban Soto
Batting: LHB Weston Chaney 0-0: Ball
1-0: Called Strike
1-1: Ball
2-1: Foul Ball, location: 2F
2-2: Ball
3-2: Base on Balls
Batting: RHB Julian Lee 0-0: Reached on error, E6 (Groundball, 6)
Weston Chaney to second
Pinch Runner at 2nd Dennis Mays:
Pinch Hitting: RHB Juan Hernández 0-0: Called Strike
0-1: Swinging Strike
0-2: Ball
1-2: Strikes out swinging
Batting: LHB Pedro Ramos 0-0: SINGLE (Groundball, 23) (infield hit)
Dennis Mays to third
Julian Lee to second
Batting: LHB Nick Gamble 0-0: Ball
1-0: Ball
2-0: Ball
3-0: Base on Balls
Dennis Mays scores
Julian Lee to third
Pedro Ramos to second
Pinch Hitting: RHB Ángel López 0-0: Ball
1-0: Called Strike
1-1: Called Strike
1-2: Strikes out swinging
Pinch Hitting: SHB Fernando Gutiérrez 0-0: Foul Ball, location: 2F
0-1: Swinging Strike
0-2: Strikes out swinging
Bottom of the 9th over - 1 run(s), 1 hit(s), 1 error(s), 3 left on base; Nantucket 1 - Pensacola 1
TOP OF THE 10TH
Nantucket Orcas batting - Pitching for Pensacola Pilots : RHP Manuel Valdés
Now at C: Pietro Ciccoritti
Now at 1B: Fernando Gutiérrez
Now at 2B: Ángel López
Batting: RHB Ramón Díaz 0-0: Ball
1-0: Ball
2-0: Ball
3-0: Called Strike
3-1: Foul Ball, location: 2F
3-2: Base on Balls
Batting: LHB Noah Gillespie 0-0: Called Strike
0-1: Ball
1-1: Called Strike
1-2: Foul Ball, location: 2F
1-2: Ball
2-2: SINGLE (Groundball, 56D)
Ramón Díaz to second
Batting: RHB Pepe Franco 0-0: Ball
1-0: Called Strike
1-1: Called Strike
1-2: Strikes out swinging
Pinch Hitting: RHB Wilson Metherall 0-0: SINGLE (Line Drive, 7S)
Ramón Díaz to third
Noah Gillespie to second
Batting: SHB José Castillo 0-0: Ball
1-0: Called Strike
1-1: Ball
2-1: DOUBLE (Line Drive, 89M)
Ramón Díaz scores
Noah Gillespie scores
Wilson Metherall to third
Runner from 3rd tries for Home, SAFE, no throw
Batting: LHB Juan Lima 0-0: Called Strike
0-1: Called Strike
0-2: Ball
1-2: Ball
2-2: Ground out 4-3 (Groundball, 4)
José Castillo to third
Batting: RHB Domingo Hernández 0-0: Called Strike
0-1: Foul Ball, location: 2F
0-2: Ball
1-2: Ball
2-2: Foul Ball, location: 2F
2-2: SINGLE (Groundball, 6MD)
José Castillo scores
Batting: RHB Jorge Hernández 0-0: Ball
1-0: Ball
2-0: Ball
3-0: Base on Balls
Domingo Hernández to second
Batting: SHB Cory Campbell 0-0: Ball
1-0: Called Strike
1-1: Ball
2-1: Foul Ball, location: 2F
2-2: Ball
3-2: DOUBLE (Line Drive, 9LM)
Domingo Hernández scores
Jorge Hernández to third
Jorge Hernández scores
Batting: RHB Ramón Díaz 0-0: Called Strike
0-1: SINGLE (Groundball, 6MD)
Cory Campbell to third
Runner from 3rd tries for Home, SAFE, no throw
Batting: LHB Noah Gillespie 0-0: Swinging Strike
0-1: Swinging Strike
0-2: Ball
1-2: SINGLE (Line Drive, 8LS)
Ramón Díaz to second
Batting: RHB Pepe Franco 0-0: Called Strike
0-1: SINGLE (Groundball, 6MD)
Ramón Díaz to third
Noah Gillespie to second
Runner from 3rd tries for Home, SAFE, no throw
Pitching: LHP Juan Rocha
Batting: RHB Wilson Metherall 0-0: Ball
1-0: Fielders Choice at 2nd, 5-4 (Groundball, 56)
Top of the 10th over - 8 run(s), 8 hit(s), 0 error(s), 1 left on base; Nantucket 9 - Pensacola 1
BOTTOM OF THE 10TH
Pensacola Pilots batting - Pitching for Nantucket Orcas : LHP Esteban Soto
Now at SS: Wilson Metherall
Batting: RHB Aaron Grizzle 0-0: Ball
1-0: SINGLE (Flyball, 89S)
Batting: LHB Ricardo García 0-0: Called Strike
0-1: Ball
1-1: Ball
2-1: Foul Ball, location: 2F
2-2: Strikes out swinging
Batting: RHB Pietro Ciccoritti 0-0: Foul Ball, location: 2F
0-1: Grounds into double play, 6-4-3 (Groundball, 6)
Bottom of the 10th over - 0 run(s), 1 hit(s), 0 error(s), 0 left on base; Nantucket 9 - Pensacola 1
Thursday, March 30th, 2017 - OOTP Baseball 17.12 Build 75